 Dungeon Crawl Stone Soup version 0.26.0-9-gab577f9fc5 (webtiles) character file.

Game seed: 12704006692721772833

133 Froggeryz the Chopper (level 5, -5/45 HPs)
             Began as a Hill Orc Hedge Wizard on Jan 13, 2021.
             Slain by an ogre
             ... wielding a +0 giant club
              (14 damage)
             ... on level 3 of the Dungeon.
             The game lasted 00:03:15 (2884 turns).

Froggeryz the Chopper (Hill Orc Hedge Wizard)       Turns: 2884, Time: 00:03:15

Health: -5/45      AC: 10    Str: 14    XL:     5   Next: 16%
Magic:  8/8        EV:  6    Int: 14    God:
Gold:   168        SH:  0    Dex: 10    Spells: 7/8 levels left

rFire    + . .     SeeInvis .   b - +0 hand axe
rCold    . . .     Faith    +   (no shield)
rNeg     . . .     Spirit   .   o - +1 chain mail {rF+}
rPois    .         Reflect  .   d - +0 helmet
rElec    .         Harm     .   (no cloak)
rCorr    .         Rampage  .   (no gloves)
Will     .....                  (no boots)
Stlth    ..........             p - amulet of faith
HPRegen  0.15/turn              (no ring)
MPRegen  0.11/turn              (no ring)

@: no status effects
A: no striking features
a: no special abilities


You were on level 3 of the Dungeon.
You visited 1 branch of the dungeon, and saw 3 of its levels.

You collected 168 gold pieces.

Inventory:

Hand Weapons
 a - a +0 dagger
 b - a +0 hand axe (weapon)
Missiles
 g - 8 poisoned darts (quivered)
Armour
 c - a +0 hat
 d - a +0 helmet (worn)
 o - a +1 chain mail of fire resistance (worn)
Jewellery
 p - an amulet of faith (around neck)
Scrolls
 k - a scroll of blinking {unknown}
Potions
 e - a potion of mutation {unknown}
 f - a potion of magic {unknown}
 h - a potion of lignification
 j - a potion of cancellation {unknown}
 l - 2 potions of flight
 m - a potion of invisibility {unknown}
 n - a potion of attraction {unknown}


   Skills:
 - Level 3.1 Fighting
 * Level 4.8 Axes
 - Level 1.5 Dodging
 - Level 1.5 Stealth
 - Level 2.4 Spellcasting
 - Level 1.0 Conjurations
 - Level 1.0 Summonings
 - Level 0.7 Translocations


You had 7 spell levels left.
You knew the following spells:

 Your Spells              Type           Power        Failure   Level
a - Magic Dart            Conj           16%          99%         1

Your spell library contained the following spells:

 Spells                   Type           Power        Failure   Level
 Blink                    Tloc           N/A          100%        2
 Call Imp                 Summ           4%           100%        2
 Slow                     Hex            1%           100%        2
 Conjure Flame            Conj/Fire      3%           100%        3
 Mephitic Cloud           Conj/Pois/Air  2%           100%        3


Dungeon Overview and Level Annotations

Branches:
Dungeon (3/15)

Altars:


Message History

The ogre hits you with a +0 giant club!
You hit the ogre but do no damage.
The ogre is heavily wounded.
The ogre barely misses you.
You hit the ogre.
The ogre is severely wounded.
You hit the ogre.
The ogre is severely wounded.
The ogre completely misses you.
You hit the ogre.
The ogre is almost dead.
The ogre hits you with a +0 giant club!
You hit the ogre.
The ogre is almost dead.
The ogre hits you with a +0 giant club!
* * * LOW HITPOINT WARNING * * *
You hit the ogre but do no damage.
The ogre is almost dead.
The ogre hits you with a +0 giant club!
You die...

.......#).......#######
....#..)..........######
......))).รท.....#......#
....##..........######.##
....###.........## #... .
.......#.##.#..########
#####....##.##.........
####.........##.#####
#..O@........##.####.
.....(..#####..............
######### ##.............
#.....##.###..
#.....##.###..
#.....##....>.
#.....######.. #.....# ##.
#.....# ##


You could see an ogre.

Vanquished Creatures
  Jessica (D:2)
  An orc wizard (D:3)
  Robin (D:2)
  An adder (D:2)
  2 worms (D:2)
  4 orcs
  2 giant cockroaches
  13 goblins
  7 hobgoblins
  2 jackals (D:2)
  7 kobolds
  A ball python (D:3)
  4 bats
  2 frilled lizards
  A rat (D:2)
49 creatures vanquished.

Notes
Turn   | Place    | Note
-------+----------+-------------------------------------------
     0 | D:1      | Froggeryz the Hill Orc Hedge Wizard began the quest for the
                  | Orb.
     0 | D:1      | Reached XP level 1. HP: 14/14 MP: 3/3
    50 | D:1      | Reached skill level 1 in Fighting
   276 | D:1      | Reached XP level 2. HP: 21/24 MP: 5/5
  1484 | D:2      | Reached XP level 3. HP: 23/31 MP: 6/6
  1608 | D:2      | Noticed Robin
  1615 | D:2      | Noticed Jessica
  1754 | D:2      | Reached skill level 1 in Axes
  1767 | D:2      | Killed Robin
  1770 | D:2      | Reached skill level 2 in Axes
  2026 | D:2      | Reached XP level 4. HP: 23/38 MP: 7/7
  2036 | D:2      | Reached skill level 3 in Axes
  2048 | D:2      | Killed Jessica
  2049 | D:2      | Reached skill level 4 in Axes
  2592 | D:3      | Reached XP level 5. HP: 13/45 MP: 8/8
  2870 | D:3      | Noticed an ogre
  2884 | D:3      | Slain by an ogre

Illustrated notes

Levels and vault maps discovered:
D:1:      kennysheep_arrival_seaside, layout_basic
D:2:      layout_basic, uniq_jessica, uniq_robin
D:3:      layout_rooms, chequers_ecumenical_altar_island, minmay_distorted

Skill      XL: |  1  2  3  4 |
---------------+-------------+-----
Fighting       | 1 3 |  3.1
Axes           | 2 4 |  4.8
Dodging        | |  1.5
Stealth        | |  1.5
Spellcasting   | |  2.4
Conjurations   | |  1.0
Summonings     | |  1.0
Translocations | |  0.7

Action                   |  1- 3 |  4- 6 || total
-------------------------+-------+-------++-------
Melee: Dagger            |   150 |       ||   150
       Hand axe          |    48 |    75 ||   123
Throw: Javelin           |       |     4 ||     4
  Use: Scroll            |     6 |       ||     6
       Potion            |       |     4 ||     4
Armor: Robe              |     6 |       ||     6
       Ring mail         |    29 |       ||    29
       Chain mail        |    44 |    60 ||   104
       Skin              |       |     2 ||     2
Dodge: Dodged            |   122 |    30 ||   152
